[Event "Team 45 45 League T68"]
[Site "Internet Chess Club"]
[Date "2016.04.17"]
[Round "6"]
[White "The7thGuest"]
[Black "Agarnez"]
[Result "0-1"]
[WhiteElo "1940"]
[BlackElo "1981"]
[Opening "QGD: Orthodox defense, Botvinnik variation"]
[ECO "D60"]
[Time "09:02:41"]
[TimeControl "2700+45"]

1. d4 d5 2. c4 e6 3. Nc3 Nf6 4. Bg5 Nbd7 5. Nf3 Be7 6. e3 O-O 7. Bd3 dxc4 8.
Bxc4 a6 9. O-O b5 10. Bd3 Bb7 11. Ne5 h6 12. Nxd7 Qxd7 13. Bf4 c5 14. dxc5 Bxc5
15. Be2 Qe7 16. Bf3 Rad8 17. Qe2 Bxf3 18. Qxf3 Rd2 19. e4 Rxb2 20. e5 Nd5 21.
Nxd5 exd5 22. Qxd5 Rd8 23. Qc6 Rb4 24. Bg3 Bd4 25. Rad1 Ra4 26. Kh1 Rxa2 27. f4
Qe6 28. Qe4 f5 29. Rxd4 fxe4 30. Rxd8+ Kh7 31. Rd6 Qc4 32. Rg1 e3 33. f5 Rd2 34.
Rxa6 e2 35. Be1 Rd5 36. f6 gxf6 37. exf6 Rf5 38. Ra7+ Kg6 39. f7 Rxf7 40. Rxf7
Kxf7 {White resigns} 0-1

[Event "Team 45 45 League T68"]
[Site "Internet Chess Club"]
[Date "2016.04.17"]
[Round "6"]
[White "wfjalet500"]
[Black "drbishop"]
[Result "0-1"]
[WhiteElo "1785"]
[BlackElo "1813"]
[Opening "French: exchange variation"]
[ECO "C01"]
[Time "19:00:25"]
[TimeControl "2700+45"]

1. e4 e6 2. d4 d5 3. exd5 exd5 4. c4 Nf6 5. Nf3 Bb4+ 6. Nc3 Nc6 7. Bd3 Be6 8.
cxd5 Nxd5 9. O-O Nxc3 10. bxc3 Bxc3 11. Rb1 Nxd4 12. Nxd4 Bxd4 13. Ba3 Qd5 14.
Qc2 c5 15. Rfe1 O-O 16. Bxh7+ Kh8 17. Be4 Qxa2 18. Qd3 Rad8 19. Qg3 f5 20. Qh3+
Kg8 21. Bxb7 Bxf2+ 22. Kh1 Bxe1 23. Rxe1 Qd2 24. Qh4 Rd7 25. Bf3 Re8 26. Bc6 Bf7
27. Rxe8+ Bxe8 28. Bxc5 Qc1+ 29. Bg1 Qxc6 {White resigns} 0-1

[Event "Team 45 45 League T68"]
[Site "Internet Chess Club"]
[Date "2016.04.17"]
[Round "6"]
[White "roji"]
[Black "bradleyguo175"]
[Result "1/2-1/2"]
[WhiteElo "1833"]
[BlackElo "1658"]
[Opening "Queen's pawn: London system"]
[ECO "A45"]
[Time "09:33:22"]
[TimeControl "2700+45"]

1. d4 Nf6 2. Bf4 d6 3. e3 g6 4. Nd2 Bg7 5. Ngf3 O-O 6. Be2 Nc6 7. O-O Bf5 8. h3
Nb4 9. c4 c5 10. Nh4 Bd3 11. Bh2 Bxe2 12. Qxe2 cxd4 13. exd4 Nc2 14. Rad1 Nxd4
15. Qe3 Nc6 16. Nb3 d5 17. f4 e6 18. f5 exf5 19. Nxf5 Re8 20. Nh6+ Kf8 21. Qc5+
Ne7 22. Rxd5 Qb6 23. Bd6 Bxh6 24. Qxb6 axb6 25. Rxf6 Kg7 26. Bxe7 Rxe7 27. Rf3
Rxa2 28. Nd4 Be3+ 29. Kh2 Bxd4 30. Rxd4 Rxb2 31. h4 Rbe2 32. Kh3 R2e4 33. Rd6
Rxc4 34. Rxb6 Rce4 35. g3 f5 36. Rfb3 Kh6 37. Rxb7 Rxb7 38. Rxb7 f4 39. g4 Re3+
40. Kh2 Rg3 41. Rb4 Rxg4 42. Kh3 Kh5 43. Rb5+ g5 44. hxg5 Rxg5 45. Rb4 Rg3+ 46.
Kh2 Kg4 47. Rb7 Rh3+ 48. Kg1 h5 49. Rb5 Rg3+ 50. Kh2 h4 51. Rb1 Rh3+ 52. Kg1 f3
53. Rb4+ Kg3 54. Rb2 Kf4 55. Rb4+ Ke3 56. Rb3+ Kd2 57. Kf2 Rh2+ 58. Kf1 f2 59.
Rf3 h3 {Game drawn by mutual agreement} 1/2-1/2

[Event "Team 45 45 League T68"]
[Site "Internet Chess Club"]
[Date "2016.04.19"]
[Round "6"]
[White "Pomberito"]
[Black "mejker"]
[Result "0-1"]
[WhiteElo "2079"]
[BlackElo "2159"]
[Opening "Pirc: Ufimtsev-Pytel variation"]
[ECO "B07"]
[Time "08:17:19"]
[TimeControl "2700+45"]

1. e4 d6 2. d4 Nf6 3. Nc3 c6 4. a4 Qa5 5. f3 e5 6. Ne2 Na6 7. Be3 Be6 8. Qd2 Be7
9. Nc1 Nb4 10. Nd3 O-O 11. h4 exd4 12. Bxd4 c5 13. Be3 d5 14. exd5 Nfxd5 15.
Nxd5 Bxd5 16. Nxb4 cxb4 17. Bd3 Bf6 18. Rb1 Rfe8 19. Kf2 a6 20. g3 Rad8 21. Rhe1
Qxa4 22. Bg5 Bd4+ 23. Kg2 f6 24. Rxe8+ Rxe8 25. Bf4 Qc6 26. Rf1 a5 27. h5 Bxb2
28. Bf5 Bc3 29. Qd1 a4 30. Bd2 Re5 31. Bxc3 Qxc3 32. Be6+ Bxe6 33. Qd8+ Kf7
{White resigns} 0-1

[Event "Team 45 45 League T68"]
[Site "Internet Chess Club"]
[Date "2016.04.16"]
[Round "6"]
[White "Yedixon"]
[Black "primerpaso"]
[Result "1-0"]
[WhiteElo "1687"]
[BlackElo "1807"]
[Opening "Sicilian: Prins (Moscow) variation"]
[ECO "B55"]
[Time "21:00:23"]
[TimeControl "2700+45"]

1. e4 c5 2. Nf3 d6 3. d4 cxd4 4. Nxd4 Nf6 5. f3 e5 6. Nb3 Be6 7. Bb5+ Nc6 8. Be3
d5 9. exd5 Nxd5 10. Bxc6+ bxc6 11. Bd2 Bd6 12. Qe2 O-O 13. Nc3 Qc7 14. Ne4 Be7
15. O-O Nb6 16. Ba5 Qc8 17. Ned2 Bd6 18. Bxb6 axb6 19. Nc4 Qa6 20. Nbd2 Bc5+ 21.
Kh1 f6 22. b3 Bd4 23. Rad1 b5 24. Nd6 Rfd8 25. N2e4 f5 26. Rxd4 fxe4 27. Rd2
exf3 28. Qxf3 Rf8 29. Qd1 Rxf1+ 30. Qxf1 Rf8 31. Qe1 Qxa2 32. h3 Qb2 33. Ne4 Bf5
34. Ng3 Bxc2 35. Qe2 Qc1+ 36. Kh2 Bxb3 37. Rd7 Qf4 38. Re7 Rf5 39. Qd3 Rf8 40.
Qxb3+ Kh8 41. Qc3 b4 42. Qxe5 Qxe5 43. Rxe5 Rb8 44. Ne4 Kg8 45. Re6 b3 46. Nc3
Rb6 47. Kg1 Kf7 48. Re1 c5 49. Kf2 Rb4 50. Ke3 Ke6 51. Kd3+ Kd6 52. Re4 Rb7 53.
Rc4 b2 54. Kc2 Rb8 55. Nb1 Rf8 56. Kxb2 Kd5 57. Rc2 Kd4 58. Nd2 Rb8+ 59. Nb3+
Ke3 60. Rxc5 Kf4 61. Kc3 h6 62. Rc4+ Ke3 63. Rg4 Rc8+ 64. Kb4 g5 65. Nc5 Rf8 66.
Kc3 Rf4 67. Nd3 Rxg4 68. hxg4 Ke2 69. Kd4 Kf1 70. Ke4 Kxg2 71. Kf5 Kg3 72. Ne5
Kh4 73. Nf3+ Kg3 74. Nxg5 Kh4 75. Nf3+ Kg3 76. Ne5 Kh4 77. Kg6 Kg3 78. Kxh6 Kf4
79. g5 {Black resigns} 1-0

[Event "Team 45 45 League T68"]
[Site "Internet Chess Club"]
[Date "2016.04.13"]
[Round "6"]
[White "Portola"]
[Black "tightfist"]
[Result "1-0"]
[WhiteElo "1768"]
[BlackElo "1628"]
[Opening "Queen's pawn game"]
[ECO "A45"]
[Time "19:31:22"]
[TimeControl "2700+45"]

1. d4 Nf6 2. c3 c6 3. Nf3 e6 4. Bg5 Be7 5. e3 O-O 6. Nbd2 d5 7. Bd3 Nbd7 8. Qc2
h6 9. Bh4 c5 10. O-O Nh5 11. Bxe7 Qxe7 12. Ne5 c4 13. Be2 Nhf6 14. f4 Nb6 15. g4
Nfd7 16. Ndf3 Nxe5 17. Nxe5 Bd7 18. Rf2 Ba4 19. Qd2 Nd7 20. Rg2 Nxe5 21. dxe5
Bc6 22. Rg3 Rad8 23. Bf3 g5 24. Qd4 b6 25. f5 Kh8 26. f6 Qc5 27. Rh3 Kh7 28. Bd1
Rh8 29. Bc2+ Kg8 30. Rf1 Qa5 31. a3 Ba4 32. Qd1 Bxc2 33. Qxc2 b5 34. Qd2 Qc7 35.
Qd4 Qb6 36. Qxb6 axb6 37. Rd1 Kh7 38. Kf2 Kg6 39. Rh5 Rhf8 40. Ke2 Rh8 41. Kd2
Rd7 42. Kc2 Rhd8 43. Rh1 Rh8 44. h4 gxh4 45. R1xh4 Rdd8 46. Rh1 Rh7 47. Kd2 Rdh8
48. Ke2 Rd8 49. Kf3 Re8 50. Kf4 Rhh8 51. g5 Reg8 52. Rxh6+ Rxh6 53. Rxh6# {Black
checkmated} 1-0

[Event "Team 45 45 League T68"]
[Site "Internet Chess Club"]
[Date "2016.04.19"]
[Round "6"]
[White "Gojira"]
[Black "fireball"]
[Result "1-0"]
[WhiteElo "1619"]
[BlackElo "1549"]
[Opening "Dutch"]
[ECO "A80"]
[Time "18:34:05"]
[TimeControl "2700+45"]

1. d4 f5 2. Bf4 e6 3. e3 Nf6 4. Nf3 Be7 5. h3 O-O 6. Nbd2 Nc6 7. c3 a5 8. a4 d6
9. Bd3 h6 10. Qb3 Kh8 11. Nh4 Qe8 12. Bh2 g5 13. Nhf3 Nd5 14. Bc4 Qf7 15. O-O-O
g4 16. Ng1 Nb6 17. Be2 Qg6 18. hxg4 fxg4 19. Bg3 Bd7 20. Qc2 Qxc2+ 21. Kxc2 e5
22. Bd3 Kg7 23. b3 exd4 24. exd4 Nd5 25. Ne2 Bf5 26. Ne4 Nf6 27. Nxf6 Bxd3+ 28.
Kxd3 Bxf6 29. Nf4 Rae8 30. Rde1 Rxe1 31. Rxe1 Kf7 32. Re2 Re8 33. Rxe8 Kxe8 34.
Nd5 Bd8 35. Ke4 Kf7 36. Kf5 h5 37. Bf4 Ne7+ 38. Nxe7 Bxe7 39. Bg5 Bf8 40. Bd8 c5
41. dxc5 dxc5 42. Kg5 Bg7 43. Bxa5 g3 44. f3 Be5 45. Kxh5 Kf6 46. Kg4 Ke6 47. c4
Kf6 48. Be1 Bb2 49. Bxg3 Kg6 50. Bd6 Bd4 51. Kf4 Kf6 52. g4 Ke6 53. Bb8 Bb2 54.
Ke4 Bg7 55. g5 Bc3 56. f4 Bd4 57. f5+ Kf7 58. Be5 Bf2 59. Kd5 {Black resigns}
1-0

[Event "Team 45 45 League T68"]
[Site "Internet Chess Club"]
[Date "2016.04.14"]
[Round "6"]
[White "guyd52"]
[Black "Gilguli"]
[Result "0-1"]
[WhiteElo "1321"]
[BlackElo "1533"]
[Opening "Réti: King's Indian attack"]
[ECO "A05"]
[Time "15:33:28"]
[TimeControl "2700+45"]

1. Nf3 Nf6 2. g3 g6 3. Bg2 Bg7 4. d3 O-O 5. Nbd2 Nc6 6. e4 d6 7. O-O Bg4 8. c3
Qc8 9. Qc2 Bh3 10. Re1 Bxg2 11. Kxg2 a5 12. d4 a4 13. e5 dxe5 14. dxe5 Ng4 15.
e6 fxe6 16. Re4 Nf6 17. Rxa4 Rxa4 18. Qxa4 Nd5 19. Qe4 Rf7 20. Ng5 Rf6 21. Qh4
h6 22. Nge4 Rf5 23. Nc4 e5 24. Bxh6 Rh5 25. Nf6+ Nxf6 26. Bg5 Rxh4 27. Bxh4 Bh6
{White resigns} 0-1

[Event "Team 45 45 League T68"]
[Site "Internet Chess Club"]
[Date "2016.04.16"]
[Round "6"]
[White "Toalla"]
[Black "stasis009"]
[Result "0-1"]
[WhiteElo "1267"]
[BlackElo "1326"]
[Opening "two knights defense: Fegatello attack"]
[ECO "C57"]
[Time "18:01:52"]
[TimeControl "2700+45"]

1. e4 e5 2. Nf3 Nc6 3. Bc4 Nf6 4. Ng5 d5 5. exd5 Nxd5 6. Nxf7 Kxf7 7. Qf3+ Ke6
8. c3 Na5 9. Qh3+ Kd6 10. Qd3 Nxc4 11. Qxc4 Be6 12. Qd3 Ke7 13. Qc2 Nf4 14. O-O
Qd5 15. f3 Kf6 16. d4 Bf5 17. dxe5+ Qxe5 18. Bxf4 Qxf4 19. Qe2 Rd8 20. Kh1 Bd3
21. Qd2 Qxd2 22. Nxd2 Bxf1 23. Nxf1 Bc5 24. Ng3 Be3 25. Ne4+ Kg6 26. g4 h6 27.
Kg2 h5 28. Rf1 Rdf8 29. Re1 Bf4 30. Nc5 hxg4 31. Re6+ Kg5 32. Ne4+ Kf5 33. Re7
Rxh2+ 34. Kf1 gxf3 35. Rxg7 Kxe4 {White resigns} 0-1

[Event "Team 45 45 League T68"]
[Site "Internet Chess Club"]
[Date "2016.04.16"]
[Round "6"]
[White "Bible-Believer"]
[Black "Berke"]
[Result "1-0"]
[WhiteElo "1431"]
[BlackElo "1497"]
[Opening "Benkö gambit: Zaitsev system"]
[ECO "A57"]
[Time "14:00:37"]
[TimeControl "2700+45"]

1. d4 Nf6 2. c4 c5 3. d5 b5 4. cxb5 a6 5. Nc3 Qa5 6. Bd2 axb5 7. e4 Ba6 8. e5
Ng8 9. Nf3 d6 10. exd6 exd6 11. Qe2+ Ne7 12. Ne4 Qc7 13. b4 c4 14. Bf4 Kd8 15.
Bxd6 Qd7 16. Bxb8 Rxb8 17. Nc5 Qd6 18. Qe5 Rb6 19. Nxa6 Rxa6 20. Qxd6+ Rxd6 21.
Ne5 Ke8 22. a4 bxa4 23. Rxa4 Nxd5 24. Ra8+ Ke7 25. Ra7+ Ke6 26. Nxf7 Nxb4 27.
Nxd6 Bxd6 28. Bxc4+ Ke5 29. O-O Kf6 30. Re1 Rc8 31. Re6+ Kg5 32. Rxg7+ Kh5 33.
Be2+ Kh4 34. Rh6# {Black checkmated} 1-0

[Event "Team 45 45 League T68"]
[Site "Internet Chess Club"]
[Date "2016.04.17"]
[Round "6"]
[White "QuimCatala"]
[Black "kingsrook"]
[Result "1-0"]
[WhiteElo "1378"]
[BlackElo "1327"]
[Opening "Sicilian: Anderssen variation"]
[ECO "B41"]
[Time "13:00:25"]
[TimeControl "2700+45"]

1. e4 c5 2. Nf3 e6 3. d4 cxd4 4. Nxd4 Nf6 5. Nc3 Nc6 6. Nxc6 bxc6 7. f3 Bc5 8.
Bg5 h6 9. Bh4 O-O 10. e5 g5 11. Bxg5 hxg5 12. exf6 Qxf6 13. Ne4 Qe7 14. Qd2 f6
15. O-O-O d5 16. Nc3 Bb4 17. Qd3 a5 18. Qg6+ Qg7 19. Qh5 Ba6 20. Ne2 Qh7 21.
Qxh7+ Kxh7 22. Nd4 Bb7 23. Bd3+ Kh6 24. Nxe6 Rf7 25. Nd4 Re7 26. Nf5+ {Black
resigns} 1-0

[Event "Team 45 45 League T68"]
[Site "Internet Chess Club"]
[Date "2016.04.14"]
[Round "6"]
[White "QuieroAprender"]
[Black "ChessMaine"]
[Result "0-1"]
[WhiteElo "1624"]
[BlackElo "1517"]
[Opening "QGD: 4.Bg5 Be7"]
[ECO "D53"]
[Time "20:08:29"]
[TimeControl "2700+45"]

1. d4 d5 2. c4 e6 3. Nc3 Nf6 4. Bg5 Be7 5. Nf3 O-O 6. h3 h6 7. Bxf6 Bxf6 8. e4
dxe4 9. Nxe4 Be7 10. a3 Nd7 11. Bd3 c5 12. Qc2 cxd4 13. Nxd4 Nc5 14. Nxc5 Bxc5
15. Nb3 Be7 16. O-O-O Qc7 17. Kb1 Bd7 18. f4 Ba4 19. Bh7+ Kh8 20. Rd3 g6 21.
Bxg6 fxg6 22. Rg3 Qxf4 23. Qxg6 Qf5+ 24. Qxf5 Rxf5 25. Nd4 Rf6 26. b3 Be8 27.
Re1 Bf7 28. Rge3 Bxa3 29. Nxe6 Rxe6 30. Rxe6 Bxe6 31. Rxe6 Kg7 32. Re7+ Bxe7
{White resigns} 0-1

[Event "Team 45 45 League T68"]
[Site "Internet Chess Club"]
[Date "2016.04.15"]
[Round "6"]
[White "seattleblues"]
[Black "drsigmund1"]
[Result "1/2-1/2"]
[WhiteElo "1361"]
[BlackElo "1506"]
[Opening "Queen's pawn"]
[ECO "A40"]
[Time "21:01:47"]
[TimeControl "2700+45"]

1. d4 e6 2. Nf3 d5 3. c4 c6 4. Nc3 f5 5. Bf4 Nf6 6. e3 Bd6 7. Bg5 O-O 8. Be2
Nbd7 9. O-O Qe8 10. Ne5 Ne4 11. Nxe4 fxe4 12. Bf4 Qe7 13. c5 Bb8 14. Nxd7 Bxd7
15. Bxb8 Raxb8 16. b4 Rf6 17. Bg4 Rbf8 18. f4 exf3 19. Rxf3 Rxf3 20. Bxf3 Qg5
21. Qe2 e5 22. g3 exd4 23. exd4 Re8 24. Qd3 Re3 25. Qd2 Qe7 26. Kf2 Re6 27. Re1
{Game drawn by mutual agreement} 1/2-1/2

[Event "Team 45 45 League T68"]
[Site "Internet Chess Club"]
[Date "2016.04.14"]
[Round "6"]
[White "Leon13"]
[Black "JohLeb"]
[Result "1-0"]
[WhiteElo "1273"]
[BlackElo "1334"]
[Opening "Bishop's opening: Berlin defense"]
[ECO "C24"]
[Time "12:59:33"]
[TimeControl "2700+45"]

1. e4 e5 2. Bc4 Nf6 3. d3 Nc6 4. a3 d6 5. Nc3 Be7 6. Nf3 Bg4 7. h3 Bh5 8. g4 Bg6
9. Nh4 Qd7 10. Nf5 Bxf5 11. gxf5 O-O-O 12. Bb5 a6 13. Ba4 b5 14. Nxb5 axb5 15.
Bxb5 Kb7 16. c4 g6 17. fxg6 hxg6 18. h4 Rh5 19. Qb3 Kb6 20. Ba4+ Kc5 21. Be3+
{Black resigns} 1-0

[Event "Team 45 45 League T68"]
[Site "Internet Chess Club"]
[Date "2016.04.16"]
[Round "6"]
[White "Conjurer"]
[Black "Kandor"]
[Result "1-0"]
[WhiteElo "1161"]
[BlackElo "1283"]
[Opening "Queen's pawn: London system"]
[ECO "A45"]
[Time "12:05:10"]
[TimeControl "2700+45"]

1. d4 Nf6 2. Bf4 e6 3. e3 Bb4+ 4. Nd2 O-O 5. Nf3 Nc6 6. Bd3 d5 7. O-O Re8 8. a3
Be7 9. h3 Nh5 10. Bh2 Bd6 11. Ne5 f6 12. Qxh5 fxe5 13. dxe5 g6 14. Qh6 Bf8 15.
Qf4 g5 16. Qg4 Bg7 17. f4 h6 18. Nf3 Ne7 19. Rad1 Rf8 20. fxg5 hxg5 21. Nxg5 Ng6
22. Nxe6 Rxf1+ 23. Rxf1 Qe8 24. Bxg6 Qxe6 25. Qh5 Bh8 26. Qh7# {Black
checkmated} 1-0

[Event "Team 45 45 League T68"]
[Site "Internet Chess Club"]
[Date "2016.04.16"]
[Round "6"]
[White "Fianchettoed"]
[Black "Hal2001"]
[Result "0-1"]
[WhiteElo "1612"]
[BlackElo "1702"]
[Opening "English: symmetrical, main line with b3"]
[ECO "A38"]
[Time "09:07:56"]
[TimeControl "2700+45"]

1. Nf3 g6 2. c4 c5 3. g3 Bg7 4. Bg2 Nc6 5. O-O Nf6 6. Nc3 O-O 7. b3 b6 8. Bb2
Bb7 9. d3 Rb8 10. Qd2 Qc7 11. e3 a6 12. Rfe1 Rfd8 13. d4 d5 14. cxd5 cxd4 15.
exd4 Nxd5 16. Nxd5 Rxd5 17. Qe3 e6 18. Rac1 Qd6 19. Ne5 Nxd4 20. Nc4 Qd8 21.
Nxb6 Re5 22. Qf4 Rxe1+ 23. Rxe1 Bxg2 24. Kxg2 Rxb6 25. Qe3 {White resigns} 0-1

[Event "Team 45 45 League T68"]
[Site "Internet Chess Club"]
[Date "2016.04.17"]
[Round "6"]
[White "Constrictor"]
[Black "Tommyboy1576"]
[Result "0-1"]
[WhiteElo "1582"]
[BlackElo "1521"]
[Opening "Sicilian: Nimzovich-Rossolimo attack (without ...d6)"]
[ECO "B30"]
[Time "20:05:20"]
[TimeControl "2700+45"]

1. e4 c5 2. Nf3 Nc6 3. Bb5 d6 4. c3 Nf6 5. e5 dxe5 6. Nxe5 Qc7 7. Nxc6 bxc6 8.
Ba4 Bg4 9. f3 Bf5 10. d4 Rd8 11. Be3 e5 12. O-O cxd4 13. cxd4 exd4 14. Bg5 Be7
15. Qc1 Rc8 16. Re1 O-O 17. Nd2 Bd6 18. Nf1 c5 19. Qc4 Be6 20. Qd3 c4 21. Qd2
Nd5 22. Kh1 Bb4 23. Qxd4 Bxe1 24. Rxe1 Qa5 25. Bc2 Qxe1 26. Bxh7+ Kxh7 {White
resigns} 0-1

[Event "Team 45 45 League T68"]
[Site "Internet Chess Club"]
[Date "2016.04.16"]
[Round "6"]
[White "Chesstime2016"]
[Black "Gilguli"]
[Result "1-0"]
[WhiteElo "1502"]
[BlackElo "1498"]
[Opening "Sicilian: Grand Prix attack"]
[ECO "B21"]
[Time "10:05:04"]
[TimeControl "2700+45"]

1. e4 c5 2. f4 Nc6 3. Nf3 d6 4. Bb5 a6 5. Bxc6+ bxc6 6. O-O a5 7. b3 Ba6 8. d3
Nf6 9. Nc3 g6 10. Bb2 Bg7 11. Rb1 O-O 12. Re1 Nh5 13. g3 Qd7 14. Qe2 Qg4 15. Ng5
Qd7 16. e5 e6 17. exd6 Qxd6 18. Nce4 Bd4+ 19. Bxd4 Qxd4+ 20. Qe3 h6 21. Nf3 Rfd8
22. Nxd4 cxd4 23. Qf3 Bb7 24. Nc5 Bc8 25. Qxc6 Rb8 26. Na6 Bxa6 27. Qxa6 Nf6 28.
Rxe6 fxe6 29. Qxe6+ Kg7 30. Qe7+ Kg8 31. Qxf6 Re8 32. Qxg6+ Kh8 33. Qxh6+ Kg8
34. Rf1 Re2 35. Rf2 Re1+ 36. Kg2 a4 37. f5 axb3 38. axb3 Ra8 39. f6 Raa1 40.
Qg7# {Black checkmated} 1-0

[Event "Team 45 45 League T68"]
[Site "Internet Chess Club"]
[Date "2016.04.16"]
[Round "6"]
[White "ausya"]
[Black "modiglani"]
[Result "0-1"]
[WhiteElo "1664"]
[BlackElo "1855"]
[Opening "Robatsch (modern) defense"]
[ECO "B06"]
[Time "16:00:14"]
[TimeControl "2700+45"]

1. e4 g6 2. d4 Bg7 3. Nf3 c5 4. c3 cxd4 5. cxd4 d5 6. e5 Nh6 7. Be2 Bg4 8. Nc3
Nc6 9. Be3 Nf5 10. Qd2 O-O 11. O-O Rc8 12. h3 Bxf3 13. Bxf3 e6 14. Be2 Nxe3 15.
Qxe3 Nxe5 16. dxe5 d4 17. Qg3 dxc3 18. bxc3 Qa5 19. f4 Rxc3 20. Qe1 Rfc8 21. Bf3
Bf8 22. Kh2 Qc7 23. Rb1 b6 24. Rf2 Bh6 25. Be4 Qc5 26. Rd1 Re3 27. Re2 Bxf4+ 28.
Kh1 Rxe2 29. Qxe2 Qxe5 30. Qd3 Bg5 31. Qb1 Be7 32. Bf3 Bd6 33. Kg1 Rc3 34. Qb2
Qh2+ 35. Kf2 Bc5+ 36. Ke2 Re3+ 37. Kd2 Rxf3 38. Kc1 Qf4+ 39. Kb1 Rf1 40. Qb3
Rxd1+ 41. Qxd1 Qe4+ 42. Kc1 Ba3+ 43. Kd2 Qd4+ 44. Ke2 Qxd1+ 45. Kxd1 e5 46. Ke2
f5 47. h4 Kf7 48. Ke3 Ke6 49. g3 Kd5 50. Kf3 e4+ 51. Ke3 Bc1+ 52. Ke2 Kd4 53. a4
Bh6 54. h5 gxh5 55. a5 bxa5 56. Ke1 a4 57. Kd1 a3 58. Kc2 Kc4 59. g4 hxg4 60.
Kd1 a2 61. Ke2 a1=Q 62. Kf2 Bf4 63. Ke2 Qb2+ 64. Ke1 e3 65. Kf1 Qf2# {White
checkmated} 0-1

[Event "Team 45 45 League T68"]
[Site "Internet Chess Club"]
[Date "2016.04.18"]
[Round "6"]
[White "julesraider"]
[Black "Elton2013"]
[Result "0-1"]
[WhiteElo "1642"]
[BlackElo "1790"]
[Opening "Grünfeld: exchange variation"]
[ECO "D85"]
[Time "20:21:18"]
[TimeControl "2700+45"]

1. d4 Nf6 2. c4 g6 3. Nc3 d5 4. cxd5 Nxd5 5. e4 Nxc3 6. bxc3 Bg7 7. Rb1 c5 8.
Nf3 O-O 9. Be2 Nc6 10. d5 Bxc3+ 11. Bd2 Bxd2+ 12. Qxd2 Nb8 13. O-O Bg4 14. Rxb7
Bxf3 15. Bxf3 Nd7 16. Rfb1 Ne5 17. Be2 f6 18. Qc3 Qd6 19. Qb3 Rfc8 20. f4 c4 21.
fxe5 Qc5+ 22. Kf1 cxb3 23. R7xb3 fxe5 24. Ba6 Rf8+ 25. Ke1 Qf2+ 26. Kd1 Qxg2 27.
d6 Rad8 28. Bc4+ Kh8 29. R3b2 Rxd6+ 30. Kc1 Qg5+ {White resigns} 0-1

[Event "Team 45 45 League T68"]
[Site "Internet Chess Club"]
[Date "2016.04.16"]
[Round "6"]
[White "moodle"]
[Black "KidRattler"]
[Result "1-0"]
[WhiteElo "1605"]
[BlackElo "1593"]
[Opening "Three knights game"]
[ECO "C46"]
[Time "19:06:09"]
[TimeControl "2700+45"]

1. e4 e5 2. Nf3 Nc6 3. Nc3 Bc5 4. Nxe5 Nxe5 5. d4 Bxd4 6. Qxd4 d6 7. Bf4 f6 8.
Be2 Ne7 9. Bxe5 fxe5 10. Qc4 Rf8 11. f3 Ng6 12. g3 c6 13. O-O-O Qb6 14. Rxd6 Bd7
15. Rhd1 O-O-O 16. Kb1 Kc7 17. Nd5+ Kxd6 18. Nxb6+ Kc7 19. Nxd7 Rxd7 20. Rxd7+
Kxd7 21. Qc3 Kc8 22. Bc4 Rd8 23. Be6+ Kc7 24. Kc1 h5 25. Bf5 Rd6 26. Bxg6 Rxg6
27. Qxe5+ Kb6 28. h3 c5 29. g4 c4 30. Qd4+ Ka5 31. Qxc4 b5 32. Qd5 a6 33. Qxh5
Ka4 34. Qxg6 a5 35. Qxg7 Kb4 36. Qd4# {Black checkmated} 1-0

[Event "Team 45 45 League T68"]
[Site "Internet Chess Club"]
[Date "2016.04.16"]
[Round "6"]
[White "Visin"]
[Black "mattwang"]
[Result "0-1"]
[WhiteElo "1315"]
[BlackElo "1343"]
[Opening "Sicilian defense"]
[ECO "B33"]
[Time "08:00:30"]
[TimeControl "2700+45"]

1. e4 c5 2. Nf3 Nc6 3. d4 cxd4 4. Nxd4 Nf6 5. Nc3 e6 6. Bc4 Bb4 7. f3 d5 8. Nxc6
bxc6 9. exd5 cxd5 10. Bb3 d4 11. O-O dxc3 12. Qxd8+ Kxd8 13. bxc3 Bxc3 14. Rb1
Ke7 15. Bg5 Ba6 16. Rfd1 Be2 17. Rdc1 Rhd8 18. h3 h6 19. Be3 Nd5 20. Bxd5 Rxd5
21. Kf2 Bc4 22. Rb7+ Kf6 23. Rc7 Bb2 24. Rb1 Bxa2 25. Rxb2 Ra5 26. Rbb7 e5 27.
Rxa7 R8xa7 28. Rb7 Rxb7 {White resigns} 0-1

[Event "Team 45 45 League T68"]
[Site "Internet Chess Club"]
[Date "2016.04.18"]
[Round "6"]
[White "junard"]
[Black "mejker"]
[Result "1/2-1/2"]
[WhiteElo "1938"]
[BlackElo "2145"]
[Opening "Trompowsky attack (Ruth, Opocenský opening)"]
[ECO "A45"]
[Time "08:02:33"]
[TimeControl "2700+45"]

1. d4 Nf6 2. Bg5 d6 3. Nf3 g6 4. Nbd2 Bg7 5. e3 O-O 6. Bc4 c5 7. c3 d5 8. Bd3
Nbd7 9. O-O a6 10. a4 b6 11. Rc1 c4 12. Bb1 b5 13. e4 Bb7 14. e5 Ne4 15. Nxe4
dxe4 16. Nd2 f5 17. exf6 exf6 18. Bf4 f5 19. b3 Nb6 20. bxc4 Nxc4 21. Nxc4 bxc4
22. Ba2 Bd5 23. Qe2 Rc8 24. Rb1 g5 25. Bc1 Qa5 26. Rb4 Bxd4 27. Bxc4 Bxc3 28.
Bxd5+ Qxd5 29. Rb6 Bd4 30. Rxa6 f4 31. Ba3 Rfe8 32. Rd6 Qc4 33. Qh5 Qxa4 34.
Qxg5+ Kh8 35. Qd5 Bg7 36. Bc5 Qb5 37. Bd4 Qxd5 38. Rxd5 Bxd4 39. Rxd4 Rc3 40.
Re1 e3 41. Rxf4 exf2+ 42. Kxf2 Rc2+ 43. Kf1 Rxe1+ 44. Kxe1 Rxg2 45. Rf2 {Game
drawn by mutual agreement} 1/2-1/2

[Event "Team 45 45 League T68"]
[Site "Internet Chess Club"]
[Date "2016.04.16"]
[Round "6"]
[White "modiglani"]
[Black "frontier"]
[Result "1-0"]
[WhiteElo "1834"]
[BlackElo "1879"]
[Opening "Benko's opening"]
[ECO "A00"]
[Time "08:01:56"]
[TimeControl "2700+45"]

1. g3 Nf6 2. Bg2 g6 3. e4 d6 4. d3 Bg7 5. Ne2 O-O 6. O-O e5 7. c4 Nc6 8. Nbc3
Be6 9. Nd5 Qd7 10. Bh6 Ne8 11. Bxg7 Kxg7 12. d4 Bg4 13. f3 Bh3 14. Ne3 Bxg2 15.
Nxg2 f5 16. dxe5 Nxe5 17. f4 Ng4 18. Qd4+ Ngf6 19. e5 dxe5 20. fxe5 Qxd4+ 21.
Nxd4 Ne4 22. Ne6+ Kf7 23. Nxf8 Kxf8 24. Rad1 Ke7 25. Nf4 c6 26. Kg2 Nc7 27. h4
a5 28. Kf3 Ne6 29. Nxe6 Kxe6 30. Kf4 h6 31. g4 g5+ 32. Ke3 Ng3 33. hxg5 Nxf1+
34. Rxf1 fxg4 35. gxh6 Kxe5 36. h7 b5 37. Rh1 Rh8 38. Rh5+ Kf6 39. cxb5 cxb5 40.
Kf4 Kg6 41. Kxg4 a4 42. Rxb5 Rxh7 43. Rb6+ Kf7 44. Rb7+ Kg6 45. Rxh7 Kxh7 46.
Kf4 a3 47. b3 Kg7 48. Ke4 Kf7 49. Kd4 Ke6 50. Kc4 {Black resigns} 1-0

[Event "Team 45 45 League T68"]
[Site "Internet Chess Club"]
[Date "2016.04.16"]
[Round "6"]
[White "LittleButton"]
[Black "PolishRyszard"]
[Result "1/2-1/2"]
[WhiteElo "1859"]
[BlackElo "1871"]
[Opening "Modern defense"]
[ECO "A40"]
[Time "04:02:26"]
[TimeControl "2700+45"]

1. d4 g6 2. Nf3 Bg7 3. c3 d6 4. Bg5 c6 5. Nbd2 Qc7 6. e3 Bg4 7. h3 Bxf3 8. Nxf3
Nd7 9. Be2 Ngf6 10. a4 O-O 11. Qc2 e5 12. O-O Rae8 13. dxe5 dxe5 14. Rfd1 Nd5
15. Bc4 N7b6 16. Bb3 a5 17. e4 Nf4 18. Bxf4 exf4 19. Nd4 Nd7 20. Qe2 Kh8 21. Qc2
Nc5 22. f3 Qb6 23. Bc4 Rd8 24. Kh2 Nd7 25. Rd2 Qc5 26. Bf1 Ne5 27. Rad1 Qe7 28.
Ne2 Bh6 29. Nd4 Bg5 30. Qb1 Bh4 31. b4 axb4 32. cxb4 Rd7 33. b5 Rfd8 34. bxc6
bxc6 35. Qc2 Bf6 36. Nb3 Rxd2 37. Rxd2 Rxd2 38. Qxd2 Qa3 39. Qxf4 Kg7 40. Qe3
Qxa4 41. Nc5 Nc4 42. Qc1 Be5+ 43. f4 Qb4 44. Qxc4 Bxf4+ 45. Kh1 Qe1 46. Qd4+ Kh6
47. Qd3 Be3 48. Nd7 Qf2 49. Kh2 Qg1+ 50. Kg3 Qf2+ 51. Kh2 {Game drawn by mutual
agreement} 1/2-1/2